 Dungeon Crawl Stone Soup version 0.29.1-14-g9c671dbff4 (webtiles) character file.

Game seed: 3762183155279247218

608 McKennaii the Covered (level 6, -6/53 HPs)
             Began as a Demigod Fighter on Feb 14, 2023.
             Mangled by an ogre
             ... wielding a +0 giant club
              (21 damage)
             ... on level 5 of the Dungeon.
             The game lasted 00:06:21 (4069 turns).

McKennaii the Covered (Demigod Fighter)             Turns: 4069, Time: 00:06:22

Health: -6/53      AC:  7    Str: 25    XL:     6   Next: 99%
Magic:  8/8        EV:  9    Int: 10    God:
Gold:   313        SH:  6    Dex: 19    Spells: 5/5 levels left

rFire   . . .      SeeInvis +   a - +0 long sword
rCold   . . .      Faith    .   c - +0 buckler
rNeg    . . .      Spirit   .   b - +0 scale mail
rPois   .          Reflect  .   (no helmet)
rElec   .          Harm     .   (no cloak)
rCorr   .          Rampage  .   (no gloves)
Will    .....                   (no boots)
Stlth   ..........              (no amulet)
HPRegen 0.17/turn               q - +6 ring of dexterity
MPRegen 0.11/turn               s - ring of see invisible

@: no status effects
A: high MP 1, forlorn, divine attributes
a: no special abilities


You were on level 5 of the Dungeon.
You visited 1 branch of the dungeon, and saw 5 of its levels.

You collected 313 gold pieces.

Inventory:

Hand Weapons
 a - a +0 long sword (weapon)
Armour
 b - a +0 scale mail (worn)
 c - a +0 buckler (worn)
Magical Staves
 i - a staff of air
Jewellery
 q - a +6 ring of dexterity (left hand)
 s - a ring of see invisible (right hand)
Wands
 x - a wand of iceblast (7)
Scrolls
 e - a scroll of acquirement {unknown}
 g - 5 scrolls of identify {unknown}
 m - a scroll of magic mapping {unknown}
 n - a scroll of amnesia {unknown}
 o - a scroll of brand weapon {unknown}
 r - a scroll of blinking {unknown}
 t - a scroll of fear {unknown}
 v - a scroll of immolation {unknown}
 w - a scroll of teleportation {unknown}
 y - a scroll of enchant weapon {unknown}
Potions
 d - 3 potions of might
 f - 4 potions of curing
 h - a potion of cancellation {unknown}
 j - 2 potions of mutation {unknown}
 k - 2 potions of flight {unknown}
 l - 2 potions of ambrosia {unknown}
 p - a potion of attraction {unknown}
 u - a potion of brilliance {unknown}
 z - a potion of heal wounds {unknown}


   Skills:
 + Level 4.5 Fighting
 + Level 4.0 Long Blades
 + Level 4.6 Armour
 - Level 4.0 Shields


You had 5 spell levels left.
You didn't know any spells.
Your spell library contained the following spells:

 Spells                   Type           Power      Damage    Failure   Level
 Airstrike                Air            0%         2d(0-16)  100%        4
 Summon Lightning Spire   Summ/Air       0%         N/A       100%        4
 Lightning Bolt           Conj/Air       0%         1d11      100%        5


Dungeon Overview and Level Annotations

Branches:
Dungeon (5/15)
 Temple: D:4-7

Shops:
D:4 [

Annotations:
D:4 Dowan, Duvessa


Innate Abilities, Weirdness & Mutations

You have an increased reservoir of magic. (+10% MP)
You shall have no god before yourself.
Your divine heritage dramatically boosts your attributes as you level up.


Message History

You start resting.
HP restored.
There is a stone staircase leading down here.
You climb downwards.
Found 10 gold pieces.
There is a stone staircase leading up here.
You climb upwards.
Level annotation: Dowan, Duvessa
There is a stone staircase leading down here.
You climb downwards.
There is a stone staircase leading up here.
An ogre comes into view. It is wielding a +0 giant club.
The ogre shouts!
You hear a bark!
You slash the ogre!
The ogre is moderately wounded.
You block the ogre's attack.
You hit the ogre.
The ogre is heavily wounded.
You block the ogre's attack.
You hit the ogre.
The ogre is heavily wounded.
An orc comes into view. It is wielding a +0 flail.
The ogre hits you with a +0 giant club!
The orc shouts!
You hit the ogre.
The ogre is heavily wounded.
You hear a bark!
You hit the ogre.
The ogre is severely wounded.
The ogre hits you with a +0 giant club!
You hit the ogre but do no damage.
The ogre is severely wounded.
The ogre hits you with a +0 giant club!!
* * * LOW HITPOINT WARNING * * *
A hound comes into view.
There is a stone staircase leading up here.
You hit the ogre.
The ogre is severely wounded.
The ogre hits you with a +0 giant club!!
You die...

.......#
......# .....#
..$.# ...
####.#
.#.##..o.#
.......O.#
....h..@.#
.#..........#
.........#..#
.#..#..........
...##...##.....
### #...# .....
#..## #... ...
..


You could see an ogre, a hound and an orc.

Vanquished Creatures
  2 black bears
  An ice beast (D:4)
  A phantom (D:3)
  A scorpion (D:4)
  A jelly (D:4)
  12 adders
  2 worms (D:3)
  3 dart slugs
  An orc (D:4)
  9 endoplasms
  A giant cockroach (D:3)
  10 goblins
  7 hobgoblins
  6 quokkas
  2 ball pythons
  4 bats
  4 frilled lizards
  5 kobolds
  4 rats
76 creatures vanquished.

Vanquished Creatures (others)
  25 plants (D:4)
25 creatures vanquished.

Grand Total: 101 creatures vanquished

Notes
Turn   | Place    | Note
-------+----------+-------------------------------------------
     0 | D:1      | McKennaii the Demigod Fighter began the quest for the Orb.
     0 | D:1      | Reached XP level 1. HP: 18/18 MP: 3/3
   414 | D:1      | Reached XP level 2. HP: 19/25 MP: 4/4
  1218 | D:2      | Reached XP level 3. HP: 13/31 MP: 5/5
  1895 | D:3      | Reached XP level 4. HP: 38/38 MP: 6/6
  2367 | D:3      | Noticed a black bear
  2455 | D:4      | Reached XP level 5. HP: 44/45 MP: 7/7
  2458 | D:4      | Noticed a black bear
  2480 | D:4      | Killed a black bear
  2822 | D:4      | Reached XP level 6. HP: 46/52 MP: 8/8
  3134 | D:4      | Noticed Duvessa
  3134 | D:4      | Noticed Dowan
  3712 | D:4      | Found Tuatirir's Armour Emporium.
  4051 | D:5      | Entered Level 5 of the Dungeon
  4069 | D:5      | Mangled by an ogre

Illustrated notes

Levels and vault maps discovered:
D:1:      spicycebolla_arrival_ecumenical, layout_loops_ring,
          kennysheep_crisscross
D:2:      layout_rooms, minmay_misc_feat_secret_circle,
          hangedman_decor_diamond_cutter, amcnicky_mini_rare_corridor_liquid
D:3:      minmay_octagon_keep, layout_basic, chequers_garden
D:4:      layout_cave_pods, amcnicky_altar_gilded, serial_shops,
          nicolae_shop_trees, serial_bayou_lagoon_a,
          minmay_fractal_squares_gapless_5, uniq_duvessa
D:5:      layout_rooms, mainiacjoe_overflow_boulevard,
          mainiacjoe_overflow_tiny_flanked, serial_co_window_serial,
          co_window_paths_a, co_window_paths_a, co_window_paths_a,
          co_window_corner_a, co_window_of_opportunity_a,
          co_window_of_opportunity_a, co_window_of_opportunity_a,
          co_window_corner_cb, co_window_paths_c, co_window_paths_c,
          co_window_paths_c, co_window_broadway_c, co_window_paths_d,
          glass_columns_a, glass_columns_b, glass_columns_a, uniq_edmund,
          uniq_pikel

Skill      XL: |  1  2  3  4  5  6 |
---------------+-------------------+-----
Long Blades    | 2 3 4 |  4.0
Armour         | 3 4 |  4.6
Fighting       | 3 4 |  4.5
Shields        | 3 4 |  4.0

Action                   |  1- 3 |  4- 6 || total
-------------------------+-------+-------++-------
Melee: Long sword        |   123 |   133 ||   256
Evoke: Wand              |       |     1 ||     1
  Use: Potion            |     1 |       ||     1
Armor: Scale mail        |    46 |    51 ||    97
Dodge: Dodged            |    67 |    62 ||   129
Block: Buckler           |    31 |    40 ||    71
